 Dungeon Crawl Stone Soup version 0.26-a0-538-ge4b5d95 (webtiles) character file.

Game seed: 2801825173623664579

1607 MrTaco21 the Basher (level 8, -1/46 HPs)
             Began as a Gargoyle Fighter on Aug 14, 2020.
             Was an Initiate of Qazlal.
             Killed from afar by an electric eel (2 damage)
             ... with a bolt of electricity
             ... on level 5 of the Dungeon.
             The game lasted 00:08:19 (6172 turns).

MrTaco21 the Basher (Gargoyle Fighter)              Turns: 6172, Time: 00:08:20

Health: -1/46      AC: 22    Str: 21    XL:     8   Next: 95%
Magic:  8/8        EV:  5    Int: 10    God:    Qazlal [......]
Gold:   264        SH:  9    Dex:  9    Spells: 7/7 levels left

rFire    . . .     SeeInvis .   s - +0 morningstar
rCold    . . .     Faith    .   c - +0 kite shield
rNeg     + . .     Spirit   .   z - +3 chain mail {MR+}
rPois    ∞         Reflect  .   w - +0 helmet
rElec    +         Harm     .   (no cloak)
rCorr    .                      (no gloves)
MR       ++...                  (no boots)
Stlth    ..........             (no amulet)
HPRegen  0.15/turn              l - ring of protection from magic
MPRegen  0.11/turn              B - +4 ring of protection

@: no status effects
A: negative energy resistance 1, electricity resistance, unbreathing,
petrification resistance, rot immunity, AC +5
a: Renounce Religion


You were on level 5 of the Dungeon.
You worshipped Qazlal.
Qazlal was noncommittal.
You visited 2 branches of the dungeon, and saw 6 of its levels.
You also visited: Ossuary.

You collected 264 gold pieces.

Inventory:

Hand Weapons
 s - a +0 morningstar (weapon)
   (You found it on level 3 of the Dungeon)
Armour
 c - a +0 kite shield (worn)
 w - a +0 helmet (worn)
   (You took it off Robin on level 3 of the Dungeon)
 z - a +3 chain mail of magic resistance (worn)
   (You found it on level 3 of the Dungeon)
Jewellery
 l - a ring of protection from magic (left hand)
   (You found it on level 2 of the Dungeon)
 B - a +4 ring of protection (right hand)
   (You found it in an ossuary)
Wands
 x - a wand of polymorph (6)
   (You found it on level 3 of the Dungeon)
Scrolls
 e - 11 scrolls of identify {unknown}
 f - 4 scrolls of amnesia {unknown}
 g - 10 scrolls of remove curse {unknown}
 h - a scroll of immolation {unknown}
 j - 4 scrolls of enchant weapon {unknown}
 k - 6 scrolls of teleportation {unknown}
 o - a scroll of fear {unknown}
 p - a scroll of enchant armour {unknown}
 r - 3 scrolls of magic mapping {unknown}
 y - a scroll of silence {unknown}
 A - a scroll of random uselessness {unknown}
Potions
 a - 4 potions of stabbing {unknown}
 b - 2 potions of heal wounds {unknown}
 d - 2 potions of might
 i - a potion of flight {unknown}
 m - 5 potions of curing {unknown}
 n - a potion of degeneration {unknown}
 q - a potion of resistance {unknown}
 t - a potion of mutation {unknown}
 u - 3 potions of berserk rage {unknown}
 v - 3 potions of haste {unknown}
 C - a potion of lignification {unknown}


   Skills:
 - Level 3.2 Fighting
 + Level 11.0 Maces & Flails
 - Level 3.2 Armour
 - Level 3.2 Shields


You had 7 spell levels left.
You didn't know any spells.
Your spell library was empty.

Dungeon Overview and Level Annotations

Branches:
Dungeon (5/15)             Temple (1/1) D:5         Ossuary (visited)

Altars:
Dithmenos
Elyvilon
Fedhas
Gozag
Hepliaklqana
Kikubaaqudgha
Makhleb
Nemelex Xobeh
Qazlal
Ru
Sif Muna
Trog
Uskayaw
Vehumet
Wu Jian
Zin
The Shining One


Innate Abilities, Weirdness & Mutations

You are resistant to torment.
Your stone body is resilient. (AC +5)
You are immune to poison.
You resist negative energy. (rN+)
You are resistant to electric shocks. (rElec)
You can survive without breathing.
You are immune to petrification.
You are immune to rotting.


Message History

The bolt of electricity hits you. You resist.
You puncture the electric eel!
The electric eel shoots out a bolt of lightning at you!
The bolt of electricity hits you. You resist.
* * * LOW HITPOINT WARNING * * *
The bolt of electricity hits you. You resist.
* * * LOW HITPOINT WARNING * * *
You closely miss the electric eel.
The electric eel shoots out a bolt of lightning at you!
The bolt of electricity hits you. You resist.
* * * LOW HITPOINT WARNING * * *
The bolt of electricity hits the electric eel.
The electric eel completely resists.
The electric eel shoots out a bolt of lightning at you!
The bolt of electricity hits you. You resist.
* * * LOW HITPOINT WARNING * * *
The bolt of electricity hits you. You resist.
* * * LOW HITPOINT WARNING * * *
You hit the electric eel.
The electric eel shoots out a bolt of lightning at you!
The bolt of electricity hits you but does no damage.
You resist. The bolt of electricity hits you. You resist.
* * * LOW HITPOINT WARNING * * *
You miss the electric eel.
The electric eel shoots out a bolt of lightning at you!
The bolt of electricity hits you. You resist.
* * * LOW HITPOINT WARNING * * *
The bolt of electricity hits the electric eel.
The electric eel completely resists.
You miss the electric eel.
The electric eel shoots out a bolt of lightning at you!
The bolt of electricity hits you but does no damage. x2
Unknown command.
You barely miss the electric eel.
The electric eel shoots out a bolt of lightning at you!
The bolt of electricity hits you. You resist.
* * * LOW HITPOINT WARNING * * *
The bolt of electricity hits the electric eel.
The electric eel completely resists.
The electric eel shoots out a bolt of lightning at you!
The bolt of electricity hits you. You resist.
* * * LOW HITPOINT WARNING * * *
The bolt of electricity hits you. You resist.
* * * LOW HITPOINT WARNING * * *
The electric eel shoots out a bolt of lightning at you!
The bolt of electricity hits you. You resist.
* * * LOW HITPOINT WARNING * * *
The electric eel shoots out a bolt of lightning at you!
The bolt of electricity hits you. You resist.
You die...

...##....##.##≈[≈.. ##≈###.#.####
#.##..##.##.#≈≈?PP. #≈##.##.#
#.#..##..##.#;.≈P.. #.#.###.#
....##..###≈#;≈.P.. +#.#####.####
.⌠..#..####≈##≈.!≈. #..#.........
......####≈##########≈######..###
#.#.#####≈##≈.?P..##≈≈# #..###
#.#.....#≈#≈;.≈P...#≈## #)....
....##..#.#≈)(..@..#.# ##.###
##..##.##.#≈≈≈.;..'#.# #.# #
##..##.##'##≈?≈≈..#..########.###
.#..##.....########.###..........
.#.###.........## ### #.#########
...# #.#######..# #..## # .#.#
#.# ######.#######...###### .#.#
#.# #.......†....(........# ##.#
#.# ##..###'###.###'###...##


You could see 2 electric eels.

Vanquished Creatures
  An ice beast (D:5)
  A phantom (D:5)
  An ogre (D:5)
  8 scorpions
  2 howler monkeys (D:5)
  An electric eel (D:5)
  3 centaur zombies (Ossuary)
  A hound (D:4)
  2 human zombies (Ossuary)
  Ijyb (D:3)
  7 orc wizards
  3 worker ants
  2 big kobold zombies (Ossuary)
  A hound skeleton (D:4)
  4 mummies
  Robin (D:3)
  3 gnolls (D:3)
  A scorpion zombie (Ossuary)
  7 adders
  A shadow imp (D:5)
  A white imp (D:5)
  An ooze (D:3)
  An adder zombie (D:5)
  3 dart slugs
  5 leopard geckos
  26 orcs
  A ball python (D:3)
  A giant cockroach (D:1)
  19 goblins
  14 hobgoblins
  8 jackals
  2 quokkas (D:2)
  13 bats
  5 frilled lizards
  3 goblin zombies (Ossuary)
  A jackal skeleton (D:5)
  6 kobolds
  3 kobold zombies
  2 orc zombies (Ossuary)
  A quokka zombie (D:5)
  8 rats
175 creatures vanquished.

Vanquished Creatures (others)
  A scorpion (Ossuary)
  A plant (D:5)
2 creatures vanquished.

Grand Total: 177 creatures vanquished

Notes
Turn   | Place    | Note
-------+----------+-------------------------------------------
     0 | D:1      | MrTaco21 the Gargoyle Fighter began the quest for the Orb.
     0 | D:1      | Reached XP level 1. HP: 14/14 MP: 1/1
    82 | D:1      | Reached XP level 2. HP: 19/19 MP: 2/2
   329 | D:1      | Reached skill level 3 in Maces & Flails
   512 | D:1      | Reached XP level 3. HP: 23/23 MP: 3/3
   939 | D:2      | Reached skill level 4 in Maces & Flails
  1306 | D:2      | Reached XP level 4. HP: 28/28 MP: 4/4
  1840 | D:3      | Reached skill level 5 in Maces & Flails
  1845 | D:3      | Reached XP level 5. HP: 12/32 MP: 5/5
  2181 | D:3      | Found a faded altar of an unknown god.
  2287 | D:3      | Noticed Ijyb
  2319 | D:3      | Killed Ijyb
  2832 | D:3      | Reached skill level 6 in Maces & Flails
  2845 | D:3      | Noticed Robin
  2875 | D:3      | Reached XP level 6. HP: 34/37 MP: 6/6
  2882 | D:3      | Killed Robin
  3363 | D:4      | Found an ornate altar of the Wu Jian Council.
  3527 | D:4      | Reached skill level 7 in Maces & Flails
  3949 | D:5      | Entered Level 5 of the Dungeon
  3986 | D:4      | Reached XP level 7. HP: 38/41 MP: 7/7
  4053 | D:5      | Reached skill level 8 in Maces & Flails
  4321 | D:5      | Found an ancient bone altar of Kikubaaqudgha.
  4390 | D:5      | Found a sand-covered staircase.
  4399 | Ossuary  | Entered an ossuary
  4617 | Ossuary  | Reached skill level 9 in Maces & Flails
  4617 | Ossuary  | Reached XP level 8. HP: 40/46 MP: 8/8
  4997 | Ossuary  | Reached skill level 10 in Maces & Flails
  5208 | D:5      | Found a blossoming altar of Fedhas.
  5350 | D:5      | Found a staircase to the Ecumenical Temple.
  5384 | D:5      | Found a shimmering blue altar of Sif Muna.
  5410 | Temple   | Entered the Ecumenical Temple
  5602 | Temple   | Became a worshipper of Qazlal Stormbringer
  5821 | D:5      | Found a hazy altar of Hepliaklqana.
  6160 | D:5      | Reached skill level 11 in Maces & Flails
  6172 | D:5      | HP: 1/46 [electric eel/bolt of electricity (4)]
  6172 | D:5      | Killed from afar by an electric eel

Illustrated notes

Levels and vault maps discovered:
D:1:      wander_arrival_estate, layout_loops_ring
D:2:      layout_basic
D:3:      kennysheep_goblin_castle, layout_basic,
          chequers_ecumenical_altar_grove, uniq_ijyb
D:4:      layout_loops_ring, kennysheep_little_box, minmay_crossroads
D:5:      cheibrodos_two_vegetables, layout_loops_ring, marbit_many_paths,
          fedhas_altar_1, overflow_temple_1_default, old_standard_altar,
          minmay_temple_entry_waves, nicolae_ossuary_entry_giza, minmay_bent
Temple:   chequers_temple_sunken

Skill      XL: |  1  2  3  4  5  6  7  8 |
---------------+-------------------------+-----
Maces & Flails | 3 4 5 6 7 9 11 | 11.0
Fighting       | |  3.2
Armour         | |  3.2
Shields        | |  3.2

Action                   |  1- 3 |  4- 6 |  7- 9 || total
-------------------------+-------+-------+-------++-------
Melee: Flail             |   127 |   187 |       ||   314
       Unarmed           |       |    15 |       ||    15
       Morningstar       |       |    96 |   275 ||   371
Armor: Scale mail        |    91 |    22 |       ||   113
       Chain mail        |       |   173 |   197 ||   370
       Skin              |       |     1 |       ||     1
Dodge: Dodged            |    56 |    81 |    59 ||   196
Block: Kite shield       |    83 |   147 |   119 ||   349

Table legend: (Time is in decaauts)
 A = Elapsed time spent in this place.
 B = Non-inter-level travel time spent in this place.
 C = Inter-level travel time spent in this place.
 D = Time resting spent in this place.
 E = Time spent auto-exploring this place.
 F = Levels seen in this place.
 G = Mean time per level.
                   A        B        C        D        E       F      G
               +--------+--------+--------+--------+--------+-----+--------+
         Total |   6352 |   6035 |    317 |    932 |   3644 |   7 |  907.4 |
       Dungeon |   5308 |   5038 |    270 |    548 |   3319 |   5 | 1061.6 |
        Temple |    256 |    209 |     47 |      0 |    206 |   1 |  256.0 |
       Ossuary |    787 |    787 |      0 |    384 |    119 |   1 |  787.0 |
               +--------+--------+--------+--------+--------+-----+--------+

Top non-repeatable levels by time:
     D:3: 1574 daAuts
     D:5: 1222 daAuts
     D:2: 941 daAuts
     D:1: 790 daAuts
 Ossuary: 787 daAuts
     D:4: 779 daAuts
  Temple: 256 daAuts
